 Dungeon Crawl Stone Soup version 0.23.2-33-g5129a83184 (webtiles) character file.

Game seed: 5772791857932140152

154 Folque the Gusty (level 5, 0/41 HPs)
             Began as a Draconian Air Elementalist on July 2, 2019.
             Was an Initiate of Sif Muna.
             Killed from afar by Blork the orc (6 damage)
             ... with a puff of flame
             ... on level 4 of the Dungeon.
             The game lasted 00:09:04 (3192 turns).

Folque the Gusty (Draconian Air Elementalist)       Turns: 3192, Time: 00:09:05

Health: 0/41       AC:  5    Str: 11    XL:     5   Next: 13%
Magic:  0/10       EV: 12    Int: 16    God:    Sif Muna [......]
Gold:   163        SH:  0    Dex: 11    Spells: 4/10 levels left

rFire    . . .     SeeInvis .   e - +1 whip (freeze)
rCold    . . .     Gourm    .   (no shield)
rNeg     . . .     Faith    .   (armour unavailable)
rPois    .         Spirit   .   (helmet restricted)
rElec    .         Reflect  .   (no cloak)
rCorr    .         Harm     .   (no gloves)
MR       .....                  (no boots)
Stlth    ++........             (no amulet)
HPRegen  0.13/turn              (no ring)
MPRegen  0.12/turn              (no ring)

@: no status effects
A: unfitting armour, cold-blooded, AC +5
a: Renounce Religion


You were on level 4 of the Dungeon.
You worshipped Sif Muna.
Sif Muna was noncommittal.
You were near starving.

You visited 1 branch of the dungeon, and saw 4 of its levels.

You collected 163 gold pieces.

Inventory:

Hand Weapons
 a - a +0 dagger
 e - a +1 whip of freezing (weapon)
 k - a +0 blowgun
 o - a +3 dagger
Missiles
 d - a poisoned needle
Armour
 l - a +0 buckler
Jewellery
 h - an uncursed ring of protection from magic {unknown}
 m - a cursed ring of teleportation {unknown}
Scrolls
 i - 2 scrolls of remove curse {unknown}
 p - a scroll of identify
 r - a scroll of enchant weapon {unknown}
 s - 3 scrolls of immolation {unknown}
Potions
 f - a potion of agility {unknown}
 g - a potion of ambrosia {unknown}
 j - a potion of haste {unknown}
 n - a potion of invisibility {unknown}
 q - a potion of heal wounds {unknown}
Comestibles
 b - 8 rations


   Skills:
 - Level 2.0 Fighting
 - Level 1.7 Dodging
 - Level 1.7 Stealth
 + Level 3.4 Spellcasting
 + Level 2.6 Conjurations
 * Level 3.5 Air Magic


You had 4 spell levels left.
You knew the following spells:

 Your Spells              Type           Power        Failure   Level  Hunger
a - Shock                 Conj/Air       ##..         4%          1    None
b - Swiftness             Chrm/Air       #.......     13%         2    ##.....
c - Static Discharge      Conj/Air       ##......     16%         3    ###....

Your spell library contained the following spells:

 Spells                   Type           Power        Failure   Level  Hunger
 Airstrike                Air            ##........   38%         4    ####...
 Lightning Bolt           Conj/Air       ##........   80%         5    ######.


Dungeon Overview and Level Annotations

Branches:
Dungeon (4/15)
 Temple: D:4-7

Altars:
Dithmenos
Makhleb
Sif Muna
Xom
Yredelemnul
Zin
The Shining One

Annotations:
D:4 Blork the orc, Menkaure


Innate Abilities, Weirdness & Mutations

Your plain brown scales are hard. (AC +5)
You cannot fit into any form of body armour.
You are cold-blooded and may be slowed by cold attacks.


Message History

Blork the orc hits you with a +0 war axe.
Blork the orc mumbles some strange words.
Blork the orc flickers and vanishes!
Deactivating autopickup; reactivate with Ctrl-A.
You miss something. Something hits you! Something hits you.
* * * LOW HITPOINT WARNING * * *
Casting: Shock (safe; 4% risk of failure)
Confirm with . or Enter, or press ? or * to list all spells.
Aiming: Shock (safe; 4% risk of failure)
Press: ? - help, Shift-Dir - straight line Something hits you but does no damage.
You aren't carrying any items that you can evoke.
It was a potion of curing.
You feel better. Something hits you!
* * * LOW HITPOINT WARNING * * *
Something hits you but does no damage. Something barely misses you.
You hear some strange, mumbled words.
A puff of flame appears from out of thin air!
The puff of flame hits you.
You die...

#..# #.# .# #..#
#.##.## #..# #.....
#..#########..#
#........(....#
#.##########.## #.#
#.#####
#.##########.!....
##@#.........####..
..#.#.#######.......
#.#....)..# ######..
#.###.###.# #.#
#.###.# #.# #...#.#
#### ###.####....#
#.. #...........##
#.#
#.#.##.......###<#.#


There were no monsters in sight!

Vanquished Creatures
  Jessica (D:2)
  An orc wizard (D:3)
  A worker ant (D:3)
  An adder (D:2)
  2 worms
  3 dart slugs
  A leopard gecko (D:2)
  4 orcs (D:3)
  4 giant cockroaches
  3 hobgoblins
  9 jackals
  2 kobolds
  2 quokkas (D:2)
  5 bats
  2 frilled lizards
  5 goblins
  A jackal skeleton (D:4)
  4 rats (D:2)
  A spectral orc (D:2)
52 creatures vanquished.

Notes
Turn   | Place    | Note
-------+----------+-------------------------------------------
     0 | D:1      | Folque the Draconian Air Elementalist began the quest for
                  | the Orb.
     0 | D:1      | Reached XP level 1. HP: 14/14 MP: 3/3
   504 | D:1      | Reached XP level 2. HP: 20/22 MP: 3/5
   729 | D:1      | Learned a level 2 spell: Swiftness
   816 | D:2      | Reached skill level 1 in Fighting
  1018 | D:2      | Reached XP level 3. HP: 28/28 MP: 7/7
  1023 | D:2      | Learned a level 3 spell: Static Discharge
  1211 | D:2      | Found a shimmering altar of Xom.
  1534 | D:2      | Noticed Jessica
  1540 | D:2      | Killed Jessica
  1540 | D:2      | Reached XP level 4. HP: 25/36 MP: 4/8
  1602 | D:2      | Found a deep blue altar of Sif Muna.
  1605 | D:2      | Became a worshipper of Sif Muna the Loreminder
  1753 | D:2      | Found a basalt altar of Yredelemnul.
  2092 | D:3      | Found a shadowy altar of Dithmenos.
  2162 | D:3      | Found a glowing golden altar of the Shining One.
  2249 | D:3      | Reached XP level 5. HP: 18/41 MP: 1/10
  2723 | D:3      | Found a glowing silver altar of Zin.
  2790 | D:3      | Found a burning altar of Makhleb.
  2792 | D:3      | Noticed a cacodemon
  3042 | D:4      | Noticed Menkaure
  3167 | D:4      | Noticed Blork the orc
  3192 | D:4      | Killed from afar by Blork the orc

Skill      XL: |  1  2  3 |
---------------+----------+-----
Fighting       | 1 2 |  2.0
Spellcasting   | 3 |  3.4
Conjurations   | 2 |  2.6
Dodging        | |  1.7
Stealth        | |  1.7
Air Magic      | |  3.5

Action                   |  1- 3 |  4- 6 || total
-------------------------+-------+-------++-------
Melee: Dagger            |    39 |       ||    39
       Tailslap          |     6 |     5 ||    11
       Whip              |    57 |    36 ||    93
 Cast: Shock             |    26 |    29 ||    55
       Static Discharge  |       |     5 ||     5
  Use: Scroll            |     2 |       ||     2
       Potion            |       |     1 ||     1
 Stab: Sleeping          |     5 |       ||     5
  Eat: Chunk             |     2 |     4 ||     6
Armor: Skin              |    28 |     7 ||    35
Dodge: Dodged            |    68 |    20 ||    88
